Map: Eindringling LE

Players

InVasioN - Winner!

  • Race: Protoss Protoss
  • League: Diamond
  • Spawn Location: 11:00

Panda

  • Race: Zerg Zerg
  • League: Diamond
  • Spawn Location: 5:00

VOD

Have the link to the VOD?

Description

Time

  • Played on: Sept. 9, 2017, 4:34 p.m.
  • Length: 3:25
Show
View Real Time Build Order
Export as new Build Order

InVasioN Protoss - Winner!

Build Orders:  

Get SALT Encoding   

  12  0:01  Probe (Chrono Boost)  
  13  0:11  Probe (Chrono Boost)  
  14  0:18  Pylon  
  14  0:22  Probe (Chrono Boost)  
  15  0:36  Probe (Chrono Boost)  
  15  0:40  Gateway  
  16  0:47  Probe (Chrono Boost)  
  16  0:48  Assimilator  
  17  0:57  Probe (Chrono Boost)  
  18  1:08  Probe (Chrono Boost)  
  19  1:19  Gateway  
  19  1:20  Probe (Chrono Boost)  
  20  1:28  Cybernetics Core  
  20  1:29  Zealot (Chrono Boost)  
  22  1:44  Pylon  
  22  1:45  Probe  
  22  1:57  Probe  
  23  2:01  Assimilator  
  23  2:07  Adept x2 (Chrono Boost)  
  27  2:17  Probe  
  29  2:30  Probe  
  29  2:44  Nexus  
  29  2:51  Stargate, Probe  
  30  3:08  Pylon  
  30  3:09  Probe  
Show
View Real Time Build Order
Export as new Build Order

Panda Zerg 

Build Orders: Pool Only 

Get SALT Encoding   

  12  0:01  Drone  
  13  0:19  Extractor  
  12  0:24  Spawning Pool  
  12  0:28  Drone  
  12  0:32  Drone  
  13  0:37  Drone  
  14  0:46  Overlord  
  14  1:11  Zergling x4  
  14  1:12  Zergling x2  
  17  1:22  Queen  
  17  1:24  Metabolic Boost  
  19  1:29  Zergling x2  
  20  1:40  Zergling x2  
  21  1:50  Zergling x2  
  22  2:00  Overlord  
  22  2:05  Baneling Nest  
  21  2:11  Zergling x2  
  21  2:23  Zergling x2  
  22  2:33  Zergling x8  
  22  2:52  Baneling  
  22  2:53  Baneling  
  22  2:54  Baneling x2  
  22  2:55  Zergling x4  
  24  3:04  Zergling x2  
Tags
 
Matchup
PvZ
Opening
Pool Only
Replay Pack
replays1
Spawn Locations
Cross Positions
Add a new tag
Caveats
  • Supply blocks, unpowered buildings, or Contaminate may cause inaccurate times.
  • Supply counts are checked every 10 seconds.